 Dungeon Crawl Stone Soup version 0.22-a0-398-g8bb545f033 (webtiles) character file.

677 Majang the Digger (level 7, 0/36 HPs)
             Began as a Gargoyle Earth Elementalist on May 5, 2018.
             Was an Initiate of Vehumet.
             Slain by Stone's ghost (2 damage)
             ... on level 4 of the Dungeon.
             The game lasted 00:25:42 (5141 turns).

Majang the Digger (Gargoyle Earth Elementalist)     Turns: 5141, Time: 00:25:44

Health: 0/36       AC:  6    Str: 12    XL:     7   Next: 60%
Magic:  2/15       EV: 12    Int: 17    God:    Vehumet [......]
Gold:   235        SH:  6    Dex: 10    Spells: 8/17 levels left

rFire    . . .     SeeInvis .   o - +0 mace
rCold    . . .     Gourm    .   (no shield)
rNeg     + + .     Faith    .   c - +0 robe
rPois    ∞         Spirit   .   (no helmet)
rElec    +         Reflect  +   (no cloak)
rCorr    .         Harm     .   (no gloves)
MR       .....                  (no boots)
Stlth    +++.......             n - +6 amulet of reflection
HPRegen  0.12/turn              j - ring of stealth
MPRegen  0.14/turn              q - ring of positive energy

@: very slightly contaminated
A: negative energy resistance 1, electricity resistance, unbreathing,
petrification resistance, rot immunity, AC +4
a: Renounce Religion


You were on level 4 of the Dungeon.
You worshipped Vehumet.
Vehumet was noncommittal.
You were very hungry.

You visited 2 branches of the dungeon, and saw 6 of its levels.

You collected 235 gold pieces.

Inventory:

Hand Weapons
 o - a +0 mace (weapon)
Missiles
 b - 30 stones (quivered)
Armour
 c - a +0 robe (worn)
Jewellery
 j - a ring of stealth (left hand)
 n - a +6 amulet of reflection (around neck)
 q - a ring of positive energy (right hand)
Scrolls
 e - 3 scrolls of identify
 f - 6 scrolls of teleportation {unknown}
 h - a scroll of random uselessness {unknown}
 k - 4 scrolls of amnesia {unknown}
 l - 2 scrolls of enchant weapon {unknown}
 t - a scroll of fog {unknown}
 u - a scroll of magic mapping
 w - a scroll of remove curse
Potions
 a - a potion of flight {unknown}
 g - a potion of heal wounds
 i - a potion of magic {unknown}
 m - a potion of brilliance {unknown}
 p - a potion of degeneration {unknown}
 r - a potion of lignification {unknown}
 s - 2 potions of curing {unknown}
 v - a potion of berserk rage {unknown}
Comestibles
 d - 9 rations
 x - 2 chunks of flesh


   Skills:
 - Level 1.5 Dodging
 - Level 2.1 Stealth
 * Level 5.7 Spellcasting
 + Level 3.7 Conjurations
   Level 0.7 Transmutations
 + Level 6.0 Earth Magic


You had 8 spell levels left.
You knew the following spells:

 Your Spells              Type           Power        Failure   Level  Hunger
a - Sandblast             Erth           ####..       1%          1    None
b - Stone Arrow           Conj/Erth      ###...       5%          3    ##.....
c - Lee's Rapid Deconstr  Erth           ####......   30%         5    ######.


Dungeon Overview and Level Annotations

Branches:
Dungeon (5/15)             Temple (1/1) D:5

Altars:
Elyvilon
Gozag
Hepliaklqana
Kikubaaqudgha
Makhleb
Nemelex Xobeh
Okawaru
Qazlal
Ru
Sif Muna
Trog
Vehumet
Xom
Yredelemnul
Zin
The Shining One

Annotations:
D:4 Stone's ghost, amateur OpFE


Innate Abilities, Weirdness & Mutations

You are resistant to torment.
Your stone body is resilient. (AC +4)
You are immune to poison.
You resist negative energy. (rN+)
You are resistant to electric shocks. (rElec)
You can survive without breathing.
You are immune to petrification.
You are immune to rotting.


Message History

The orc priest invokes the aid of Beogh against you.
Beogh smites you!
* * * LOW HITPOINT WARNING * * *
As you read the scroll labeled JOEPERPHOLAX, it crumbles to dust.
It is a scroll of identify.
g - 2 potions of heal wounds Stone's ghost turns its malevolent gaze towards you.
There are no items here.
Unknown command.
You feel much better. You block Stone's ghost's attack.
The orc priest mumbles some strange prayers to Beogh against you.
Beogh smites you!
The orc priest mumbles some strange prayers to Beogh against you.
Beogh smites you!
* * * LOW HITPOINT WARNING * * *
Stone's ghost hits you.
* * * LOW HITPOINT WARNING * * *
Stone's ghost freezes you.
You die...

#.##.#......<.................#
###.##.#....<............#.####.#
.......#..........##.............
............[#...###.....#.####.#
..)..#.......)...# #.....#.......
..........##.###.###.#.########..
................(.)....### #..
..##.####.##.##.....[....# ###..
.....# #.####..@##..###.# #....
.>#### #.###..W..#### #.# #.#..
..# #.##.......# #.# #.#..
..#######.##.......## #.####.#..
.......÷>.#.........# #......#..
........###.........# #####..#..
.........#.......####* ##..#.#
#.#####.##...o####,,⌠* #....##
..# #.##....#,,,,,,######...#.#


You could see an orc priest and Stone's ghost.

Vanquished Creatures
  An ice beast (D:5)
  An ogre (D:5)
  A bullfrog (D:3)
  A bullfrog zombie (D:5)
  2 orc priests (D:4)
  A bullfrog skeleton (D:4)
  A worker ant (D:4)
  2 orc wizards
  A hound skeleton (D:4)
  A worker ant zombie (D:5)
  9 adders
  A shadow imp (D:2)
  4 worms
  A dart slug (D:1)
  3 leopard geckos
  12 orcs
  A ball python (D:2)
  4 giant cockroaches
  8 goblins
  10 hobgoblins
  13 jackals
  8 kobolds
  2 quokkas
  7 bats
  3 frilled lizards
  13 rats
111 creatures vanquished.

Notes
Turn   | Place    | Note
-------+----------+-------------------------------------------
     0 | D:1      | Majang the Gargoyle Earth Elementalist began the quest for the Orb.
     0 | D:1      | Reached XP level 1. HP: 10/10 MP: 3/3
   212 | D:1      | Reached XP level 2. HP: 12/15 MP: 0/5
   570 | D:1      | Reached skill level 4 in Earth Magic
   843 | D:1      | Reached XP level 3. HP: 8/19 MP: 4/7
  1184 | D:1      | Learned a level 3 spell: Stone Arrow
  1761 | D:2      | Reached XP level 4. HP: 22/24 MP: 6/9
  1770 | D:2      | Reached skill level 1 in Conjurations
  2321 | D:3      | Found an iron altar of Okawaru.
  2367 | D:3      | Reached XP level 5. HP: 16/28 MP: 10/10
  2829 | D:3      | Reached skill level 5 in Earth Magic
  2873 | D:3      | Learned a level 5 spell: Lee's Rapid Deconstruction
  2984 | D:3      | Reached XP level 6. HP: 32/32 MP: 6/12
  3348 | D:3      | Noticed a moth of wrath
  3457 | D:3      | Found a bloodstained altar of Trog.
  3727 | D:5      | Entered Level 5 of the Dungeon
  3972 | D:5      | Found a stormy altar of Qazlal.
  4010 | D:5      | Reached skill level 5 in Spellcasting
  4087 | D:5      | Noticed an ice beast
  4107 | D:5      | Killed an ice beast
  4107 | D:5      | Reached XP level 7. HP: 25/36 MP: 1/14
  4321 | D:5      | Found a staircase to the Ecumenical Temple.
  4336 | Temple   | Entered the Ecumenical Temple
  4344 | Temple   | Became a worshipper of Vehumet
  4541 | D:4      | Reached skill level 6 in Earth Magic
  5135 | D:4      | Noticed Stone's ghost (amateur OpFE)
  5141 | D:4      | Slain by Stone's ghost

Vault maps used:
D:1:      scummos_arrival_hexagon
D:3:      lemuel_crystal_altar, tgw_trog
D:4:      kennysheep_spiral_hall, minmay_mini_ossuary
D:5:      nicolae_qazlal_general_emergency, dancing_weapons_uskayaw,
          temple_hall, first_ration
Temple:   eino_temple_lava

Skill      XL: |  1  2  3  4  5  6  7 |
---------------+----------------------+-----
Earth Magic    | 4 5 6 |  6.0
Spellcasting   | 3 4 5 |  5.7
Conjurations   | 1 2 3 |  3.7
Dodging        | |  1.5
Stealth        | |  2.1
Transmutations | |  0.7

Action                   |  1- 3 |  4- 6 |  7- 9 || total
-------------------------+-------+-------+-------++-------
Melee: Dagger            |    69 |       |       ||    69
       Unarmed           |     5 |       |       ||     5
       Club              |    28 |    11 |       ||    39
       Whip              |       |   116 |       ||   116
       Mace              |       |    74 |    37 ||   111
 Cast: Sandblast         |    27 |    32 |     8 ||    67
       Stone Arrow       |       |    20 |     9 ||    29
       Lee's Rapid Decon |       |       |     1 ||     1
  Use: Scroll            |       |     2 |     1 ||     3
       Potion            |       |       |     1 ||     1
 Stab: Sleeping          |     3 |     3 |       ||     6
  Eat: Chunk             |     3 |     9 |     4 ||    16
Armor: Robe              |    53 |    72 |    13 ||   138
Dodge: Dodged            |    89 |   104 |    24 ||   217
Block: Other             |     3 |    58 |    12 ||    73
       Reflection        |       |     1 |       ||     1

Table legend:
 A = Spawn XP
 B = Non-spawn XP
 C = Spawn XP percentage of total XP
 D = Spawn monster count
 E = Non-spawn monster count
 F = Spawn count percentage of total count
 G = Total turns spent on level
                    A         B        C        D         E        F      G
               +---------+---------+-------+---------+---------+-------+---------
         Total |       0 |     968 |   0.0 |       0 |     111 |   0.0 |  5141
               +---------+---------+-------+---------+---------+-------+---------
           D:1 |       0 |      53 |   0.0 |       0 |      29 |   0.0 |  1409
           D:2 |       0 |     133 |   0.0 |       0 |      22 |   0.0 |  1137
           D:3 |       0 |     209 |   0.0 |       0 |      34 |   0.0 |  1167
           D:4 |       0 |     244 |   0.0 |       0 |      17 |   0.0 |   759
           D:5 |       0 |     329 |   0.0 |       0 |       9 |   0.0 |   607
               +---------+---------+-------+---------+---------+-------+---------
